 Dungeon Crawl Stone Soup version 0.21-a0-286-g6fcecc0 (webtiles) character file.

17306 highflyflow the Spear-Bearer (level 12, -10/99 HPs)
             Began as a Merfolk Ice Elementalist on Sept 25, 2017.
             Was an Initiate of Gozag.
             Killed from afar by Erica (24 damage)
             ... with a bolt of poison
             ... on level 2 of the Lair of Beasts.
             The game lasted 00:45:56 (16878 turns).

highflyflow the Spear-Bearer (MfIE)                Turns: 16878, Time: 00:45:57

Health: -10/99     AC: 17    Str: 10    XL:     12   Next: 46%
Magic:  23/24      EV: 18    Int: 18    God:    Gozag
Gold:   1832       SH:  0    Dex: 14    Spells: 11/27 levels left

rFire    . . .     SeeInvis .   N - +2 halberd (elec)
rCold    + . .     Gourm    .   (shield currently unavailable)
rNeg     . . .     Faith    .   W - +2 robe {rF+}
rPois    .         Spirit   .   n - +1 helmet
rElec    .         Reflect  .   g - +0 cloak
rCorr    .         Harm     .   U - +2 pair of gloves
MR       .....                  (no boots)
Stlth    ++........             (no amulet)
HPRegen  0.26/turn              m - ring of ice
MPRegen  0.19/turn              S - +3 ring of slaying

@: lethally poisoned (-10 -> -27), icy armour, about to teleport, slowed,
drained, very slow
A: change form in water, swift swim, stealthy swim
a: Potion Petition, Call Merchant, Bribe Branch, Renounce Religion


You were on level 2 of the Lair of Beasts.
You worshipped Gozag.
Gozag was most pleased with you.
You were not hungry.

You visited 3 branches of the dungeon, and saw 13 of its levels.
You also visited: Bailey.

You collected 1948 gold pieces.
You paid 116 gold pieces to Gozag.

Inventory:

Hand Weapons
 p - a +0 flail
 x - a +2 vampiric bardiche
 y - a +1 quarterstaff
 G - a +0 morningstar
 N - a +2 halberd of electrocution (weapon)
Missiles
 i - 465 stones (quivered)
 Q - 64 tomahawks of returning
Armour
 a - a +0 robe
 g - a +0 cloak (worn)
 n - a +1 helmet (worn)
 J - a +1 buckler of fire resistance
 K - +0 steam dragon scales
 U - a +2 pair of gloves (worn)
 W - a +2 robe of fire resistance (worn)
Jewellery
 m - a ring of ice (left hand)
 E - an uncursed ring of stealth
 S - a +3 ring of slaying (right hand)
Wands
 f - a wand of lightning (13/15)
 s - a wand of acid (4/15)
 L - a wand of paralysis (11/24)
 O - a wand of iceblast (11/15)
 R - a wand of random effects (24/48)
 X - a wand of paralysis (9/24)
 Z - a wand of iceblast (6/15)
Scrolls
 d - 2 scrolls of blinking
 h - a scroll of fog
 r - 3 scrolls of recharging
 t - 5 scrolls of teleportation
 u - 2 scrolls of amnesia
 v - 11 scrolls of remove curse
 w - a scroll of summoning
 A - 3 scrolls of enchant weapon
 I - a scroll of immolation
Potions
 e - 2 potions of heal wounds
 j - 2 potions of lignification
 l - 3 potions of degeneration
 z - 3 potions of flight
 B - 3 potions of curing
 C - a potion of invisibility
 D - a potion of cancellation {unknown}
 H - 2 potions of might
 M - 5 potions of mutation
 P - a potion of haste
 T - a potion of resistance
Books
 b - a book of Frost

   Spells                             Type                      Level
   a - Freeze                         Ice                          1
   b - Throw Frost                    Conjuration/Ice              2
   c - Ozocubu's Armour               Charms/Ice                   3
   d - Throw Icicle                   Conjuration/Ice              4
   e - Summon Ice Beast               Ice/Summoning                4
 F - a book of Maledictions

   Spells                             Type                      Level
   a - Corona                         Hexes                        1
   b - Ensorcelled Hibernation        Hexes/Ice                    2
   c - Confuse                        Hexes                        3
   d - Tukima's Dance                 Hexes                        3
   e - Dazzling Spray                 Conjuration/Hexes            3
 Y - a Young Poisoner's Handbook

   Spells                             Type                      Level
   a - Sting                          Conjuration/Poison           1
   b - Poisonous Vapours              Poison/Air                   2
   c - Mephitic Cloud                 Conjuration/Poison/Air       3
   d - Olgreb's Toxic Radiance        Poison                       4
   e - Venom Bolt                     Conjuration/Poison           5
Comestibles
 c - 10 bread rations
 o - 13 fruits
 q - 5 meat rations
 V - a royal jelly


   Skills:
 + Level 10.8(10.1) Fighting
 + Level 10.9(11.4) Polearms
 - Level 5.4(6.2) Staves
 - Level 0.2(0.0) Throwing
 - Level 0.7(0.1) Armour
 + Level 10.4(9.7) Dodging
 - Level 2.1(1.6) Stealth
 - Level 8.0(7.3) Spellcasting
 - Level 0.7(0.1) Conjurations
 - Level 9.2(8.5) Ice Magic


You had 11 spell levels left.
You knew the following spells:

 Your Spells              Type           Power        Failure   Level  Hunger
a - Freeze                Ice            ####         1%          1    None
b - Ozocubu's Armour      Chrm/Ice       ####....     5%          3    #......
c - Throw Frost           Conj/Ice       ####..       2%          2    None
d - Ensorcelled Hibernat  Hex/Ice        ####..       2%          2    None
e - Throw Icicle          Conj/Ice       ####....     17%         4    ###....
f - Summon Ice Beast      Ice/Summ       ####....     19%         4    ###....


Dungeon Overview and Level Annotations

Branches:
Dungeon (10/15)            Temple (1/1) D:5            Lair (2/6) D:8
  Swamp (0/4) Lair:2          Orc (0/2) D:9
  Snake: Lair:2-4    Spider: Lair:2-4

Altars:
Ashenzari
Cheibriados
Elyvilon
Fedhas
Gozag
Hepliaklqana
Kikubaaqudgha
Makhleb
Nemelex Xobeh
Okawaru
Qazlal
Ru
Sif Muna
Trog
Uskayaw
Vehumet
Wu Jian
Xom
Yredelemnul
Zin
The Shining One

Shops:
D:6 =   D:9 (

Annotations:
D:4 Blork the orc
Lair:2 Erica, Harold


Message History

Harold hits you with a dire flail of draining.
* * * LOW HITPOINT WARNING * * *
You feel drained.
* * * LOW HITPOINT WARNING * * *
You see here a scroll of recharging.
Blink to where?
Press: ? - help, Dir - move target cursor
Okay, then.
You feel much better.
You hear the rumble of an avalanche of rocks nearby.
You feel sick.
The wyvern hisses angrily.
The crocodile bites you!
* * * LOW HITPOINT WARNING * * *
Harold completely misses you.
Erica points at you and mumbles some strange words.
The bolt of poison hits you!
You are lethally poisoned!
You die...
Your body crumbles into a pile of gold.

******#.....P####.#.#####..##
*##
*,≈∩**#......#.....#...#..#.#
*
*,≈,,**,,,#P.........##...###
*,≈,,,*,,,###...........###
*,≈≈,,***** ##...........#
*,,≈,** ##........#.# *,≈≈,*
#.@##....#### *,≈,,*
##..##[.## ,,≈,,* *#t@##..#*
,≈≈,** ****#8@.8#...# ,≈,,*
*,....>.....## ,≈,,*
#......l...#** ,≈≈,**
#P#(#8..8#.#,* ***# ,,≈,,*
#*####..##..** **P.# ,,≈,**
*.###,,P# **.... *,≈,**
*#***,,## *,.... ,,≈,,* *,,,*
***,....


You could see Harold, Erica, a crocodile and a wyvern.

Vanquished Creatures
  Erolcha (D:9)
  Urug (D:10)
  The ghost of vishdafish the Archer, a novice CeHu of Nemelex Xobeh (Bailey)
  Maurice (D:9)
  Joseph (D:8)
  A spiny frog (Lair:2)
  2 komodo dragons
  3 hippogriffs
  A spriggan (D:7)
  A fire elemental (Lair:1)
  A steam dragon (D:7)
  4 water moccasins
  2 hell hounds (D:8)
  A porcupine (Lair:1)
  5 orc warriors
  A phantom (D:5)
  4 ice beasts
  2 black bears (D:7)
  2 sky beasts
  5 ogres
  3 wolves (Lair:1)
  2 centaurs
  2 crocodiles (Lair:1)
  A big kobold (D:8)
  7 bullfrogs
  A water moccasin zombie (D:9)
  A scorpion (D:7)
  A water moccasin skeleton (D:5)
  2 wyvern skeletons
  10 killer bees
  An electric eel (Lair:1)
  10 wights
  A crimson imp (D:4)
  A bullfrog zombie (D:10)
  2 centaur zombies
  6 hounds
  2 centaur skeletons
  6 jellies
  5 orc priests
  4 iguanas
  4 orc wizards
  6 worker ants
  A hound zombie (D:6)
  A hound skeleton (D:6)
  A worker ant zombie (D:10)
  17 gnolls
  12 adders
  A howler monkey skeleton (D:9)
  4 shadow imps
  2 adder skeletons
  3 worms
  2 dart slugs
  5 leopard geckos
  32 orcs
  10 bats
  8 giant cockroaches
  3 goblins
  6 hobgoblins
  6 jackals
  5 quokkas
  A ball python zombie (D:5)
  3 frilled lizards
  3 goblin skeletons (D:5)
  2 goblin zombies (D:5)
  A hobgoblin zombie (D:5)
  28 kobolds
  A kobold skeleton (D:5)
  A kobold zombie (D:5)
  An orc zombie (D:5)
  8 rats
286 creatures vanquished.

Vanquished Creatures (collateral kills)
  A gargoyle (D:10)
  Grum (Lair:1)
  A wolf (Lair:1)
  A gnoll sergeant (D:10)
  A gnoll (D:10)
5 creatures vanquished.

Vanquished Creatures (others)
  A kobold (Bailey)
  A fungus (Lair:2)
2 creatures vanquished.

Grand Total: 293 creatures vanquished

Notes
Turn   | Place    | Note
-------+----------+-------------------------------------------
     0 | D:1      | highflyflow the Merfolk Ice Elementalist began the quest for the Orb.
     0 | D:1      | Reached XP level 1. HP: 13/13 MP: 3/3
   263 | D:1      | Reached XP level 2. HP: 19/19 MP: 3/5
  1023 | D:2      | Found a basalt altar of Yredelemnul.
  1707 | D:2      | Reached XP level 3. HP: 20/25 MP: 2/6
  1990 | D:2      | Reached skill level 1 in Fighting
  2551 | D:2      | Reached XP level 4. HP: 32/32 MP: 5/7
  2696 | D:2      | Learned a level 3 spell: Ozocubu's Armour
  2709 | D:2      | Learned a level 2 spell: Throw Frost
  3410 | D:4      | Found a glowing silver altar of Zin.
  3665 | D:4      | Reached XP level 5. HP: 35/37 MP: 1/9
  3803 | D:4      | Reached skill level 5 in Ice Magic
  3870 | D:4      | Reached skill level 1 in Staves
  4175 | D:4      | Noticed Blork the orc
  4254 | D:4      | Reached XP level 6. HP: 43/43 MP: 10/10
  4318 | D:5      | Entered Level 5 of the Dungeon
  4322 | D:5      | Noticed a phantom
  4973 | D:5      | Found an opulent altar of Gozag.
  5030 | D:5      | Reached XP level 7. HP: 51/51 MP: 5/12
  5227 | D:5      | Got an amethyst-encrusted leather armour
  5244 | D:5      | Identified the cursed +0 leather armour of the Snail {MR+} (You found it on level 5 of the Dungeon)
  5596 | D:5      | Found a hide-covered altar of Uskayaw.
  5678 | D:5      | Found a glowing golden altar of the Shining One.
  5831 | D:5      | Found a staircase to the Ecumenical Temple.
  5840 | Temple   | Entered the Ecumenical Temple
  6265 | D:6      | Reached XP level 8. HP: 25/58 MP: 10/14
  7039 | D:6      | Found Oblis's Jewellery Boutique.
  7116 | D:6      | Found a stormy altar of Qazlal.
  7479 | D:7      | Found a bloodstained altar of Trog.
  8217 | D:7      | Reached XP level 9. HP: 66/66 MP: 2/16
  8385 | D:7      | Reached skill level 5 in Spellcasting
  8433 | D:7      | Reached skill level 5 in Fighting
  8801 | D:5      | Became a worshipper of Gozag Ym Sagoz the Greedy
  9710 | D:8      | Found a staircase to the Lair.
  9733 | D:8      | Noticed Joseph
  9918 | D:8      | Reached skill level 5 in Staves
  9918 | D:8      | Reached XP level 10. HP: 44/77 MP: 8/20
  9947 | D:8      | Found a flagged portal.
  9955 | Bailey   | Entered a bailey
  9963 | Bailey   | Noticed vishdafish's ghost (novice CeHu)
 10000 | Bailey   | Killed vishdafish's ghost
 11259 | D:8      | Killed Joseph
 11259 | D:8      | Reached skill level 1 in Polearms
 11659 | D:9      | Found a staircase to the Orcish Mines.
 12952 | D:9      | Found Xusekh's Weapon Shop.
 12952 | D:9      | Noticed Erolcha
 12969 | D:9      | Killed Erolcha
 12969 | D:9      | Reached skill level 5 in Polearms
 12969 | D:9      | Reached skill level 5 in Dodging
 13174 | D:9      | Reached XP level 11. HP: 90/90 MP: 23/23
 13192 | D:9      | Noticed Maurice
 13253 | D:9      | Killed Maurice
 13253 | D:9      | Reached skill level 10 in Fighting
 13446 | D:9      | Found an iron altar of Okawaru.
 13447 | D:9      | Found an ancient bone altar of Kikubaaqudgha.
 13488 | D:9      | Reached XP level 12. HP: 83/97 MP: 18/24
 13751 | D:9      | Learned a level 2 spell: Ensorcelled Hibernation
 13756 | D:9      | Learned a level 4 spell: Throw Icicle
 13761 | D:9      | Learned a level 4 spell: Summon Ice Beast
 13801 | D:10     | Entered Level 10 of the Dungeon
 14452 | D:10     | Reached skill level 10 in Polearms
 15059 | D:10     | Noticed Urug
 15076 | D:10     | Killed Urug
 15348 | Lair:1   | Entered Level 1 of the Lair of Beasts
 15402 | Lair:1   | Noticed Grum
 15418 | Lair:1   | Reached skill level 10 in Dodging
 15425 | Lair:1   | Killed Grum
 16444 | Lair:1   | Identified a scroll of acquirement
 16869 | Lair:2   | Noticed Erica
 16875 | Lair:2   | Noticed Harold
 16877 | Lair:2   | HP: 3/99 [Harold/dire flail of draining (6)]
 16877 | Lair:2   | HP: 1/99 [Harold/dire flail of draining (2)]
 16878 | Lair:2   | Killed from afar by Erica

Vault maps used:
D:1:      nicolae_arrival_memento_mori
D:2:      overflow_temple_1_default
D:3:      first_bread
D:4:      marbit_many_paths, lemuel_crystal_altar, uniq_blork_the_orc,
          uniq_eustachio
D:5:      nicolae_gozag_seed_capital, overflow_temple_1_default,
          lemuel_temple_firewalk_a, nicolae_tso_besieged_by_evil
D:6:      kennysheep_mini, serial_shops, shop
D:7:      the_bakery, trog_ov_bears_minmay
D:8:      minmay_lair_entry_lava, enter_bailey_2, uniq_joseph
D:9:      gammafunk_temple_overflow_pools, david_orc_2, serial_shops,
          nicolae_shop_crystal, serial_column_ruins, column_ruins_grid_1,
          column_ruins_corridor_T, column_ruins_columns_straight,
          column_ruins_open_small, column_ruins_columns_dead_end,
          column_ruins_open_small, uniq_maurice, uniq_erolcha
D:10:     uniq_urug
Temple:   dshaligram_water_room_temple
Lair:1:   uniq_grum
Lair:2:   minmay_swamp_entry_swarm, special_room,
          nicolae_volcano_entry_vermiform, st_stairs_6, serial_bayou_ford_a,
          uniq_gastronok, uniq_harold, uniq_erica
Bailey:   bailey_axe_2, bailey

Skill      XL: |  1  2  3  4  5  6  7  8  9 10 11 12 |
---------------+-------------------------------------+-----
Ice Magic      | 4 5 6 7 8 9 |  9.2
Dodging        | 3 8 10 | 10.4
Fighting       | 1 2 3 4 6 9 10 | 10.8
Staves         | 1 2 3 5 |  5.4
Spellcasting   | 3 4 6 8 |  8.0
Polearms       | 9 10 | 10.9
Throwing       | |  0.2
Armour         | |  0.7
Stealth        | |  2.1
Conjurations   | |  0.7

Action                   |  1- 3 |  4- 6 |  7- 9 | 10-12 || total
-------------------------+-------+-------+-------+-------++-------
Melee: Unarmed           |     3 |     3 |       |       ||     6
       Quarterstaff      |       |    73 |   341 |    37 ||   451
       Halberd           |       |       |       |   260 ||   260
Throw: Stone             |     6 |     3 |     5 |     6 ||    20
 Cast: Freeze            |    61 |    51 |    88 |   138 ||   338
       Ozocubu's Armour  |       |     9 |    36 |    40 ||    85
       Throw Frost       |       |     2 |    16 |    34 ||    52
       Summon Ice Beast  |       |       |       |     5 ||     5
       Ensorcelled Hiber |       |       |       |     1 ||     1
Invok: Potion Petition   |       |       |       |     1 ||     1
Evoke: Wand              |       |     1 |       |       ||     1
  Use: Scroll            |       |    17 |     5 |    10 ||    32
       Potion            |       |     1 |     2 |    12 ||    15
 Stab: Sleeping          |       |     5 |     4 |       ||     9
       Invisible         |       |       |       |     5 ||     5
       Distracted        |       |       |       |     1 ||     1
  Eat: Chunk             |     5 |     6 |     7 |       ||    18
       Royal jelly       |     1 |       |     1 |       ||     2
       Bread ration      |       |     1 |     1 |     4 ||     6
       Meat ration       |       |       |     1 |     1 ||     2
       Fruit             |       |       |       |     1 ||     1
Armor: Leather armour    |    28 |    45 |   128 |       ||   201
       Steam dragon scal |       |       |    65 |    97 ||   162
       Robe              |       |       |       |    75 ||    75
Dodge: Dodged            |    59 |    76 |   285 |   368 ||   788

Table legend:
 A = Spawn XP
 B = Non-spawn XP
 C = Spawn XP percentage of total XP
 D = Spawn monster count
 E = Non-spawn monster count
 F = Spawn count percentage of total count
 G = Total turns spent on level
                    A         B        C        D         E        F      G
               +---------+---------+-------+---------+---------+-------+---------
         Total |       0 |   15945 |   0.0 |       0 |     291 |   0.0 | 16878
               +---------+---------+-------+---------+---------+-------+---------
           D:1 |       0 |      20 |   0.0 |       0 |      12 |   0.0 |  1454
           D:2 |       0 |      93 |   0.0 |       0 |      27 |   0.0 |  1335
           D:3 |       0 |      16 |   0.0 |       0 |       9 |   0.0 |   646
           D:4 |       0 |     195 |   0.0 |       0 |      11 |   0.0 |  1195
           D:5 |       0 |     576 |   0.0 |       0 |      25 |   0.0 |  1299
           D:6 |       0 |     641 |   0.0 |       0 |      24 |   0.0 |  1486
           D:7 |       0 |    1862 |   0.0 |       0 |      28 |   0.0 |  1986
           D:8 |       0 |    1865 |   0.0 |       0 |      27 |   0.0 |   858
           D:9 |       0 |    3681 |   0.0 |       0 |      42 |   0.0 |  2321
          D:10 |       0 |    3098 |   0.0 |       0 |      35 |   0.0 |  1448
        Lair:1 |       0 |    1572 |   0.0 |       0 |      11 |   0.0 |  1337
        Lair:2 |       0 |    1205 |   0.0 |       0 |       6 |   0.0 |   193
        Bailey |       0 |    1121 |   0.0 |       0 |      34 |   0.0 |  1220
               +---------+---------+-------+---------+---------+-------+---------
